[Event "Titled Tuesday Blitz July 25 Early 2023"]
[White "Gharibyan, Mamikon"]
[Black "Turzo, Attila"]
[WhiteFideId "13308300"]
[BlackFideId "704954"]
[WhiteElo "2777"]
[BlackElo "2511"]
[Result "1-0"]
[Round "10"]
[TimeControl "180+2"]
[Date "2023.07.25"]
[WhiteClock "0:00:37"]
[BlackClock "0:00:17"]
[Board "58"]

1. e4 d6 2. d4 Nf6 3. Nc3 g6 4. Nf3 Bg7 5. Be2 O-O 6. O-O a6 7. h3 Nc6 8. Re1 b5 9. e5 Nd7 10. Bd3 dxe5 11. Be4 Bb7 12. dxe5 Nc5 13. Bd5 e6 14. Bxc6 Bxc6 15. Qe2 b4 16. Nd1 Nd7 17. Bf4 Qb8 18. Nd4 Bd5 19. c4 Bb7 20. Bg3 c5 21. Nc2 Qc7 22. b3 a5 23. Nb2 Nb6 24. a4 Nc8 25. Ne3 Ne7 26. Nd3 Rad8 27. Rad1 Rd7 28. Bh4 Nc6 29. Nxc5 Nd4 30. Nxd7 Nxe2+ 31. Rxe2 Bxe5 32. Ng4 Bg7 33. Nxf8 Bxf8 34. Nf6+ Kg7 35. Ne8+ 1-0


[Site "https://www.chess.com"]

[Event "Titled Tuesday Blitz July 25 Early 2023"]
[White "Hambleton, Aman"]
[Black "Petrovic, Aleksa"]
[WhiteFideId "2606577"]
[BlackFideId "967629"]
[WhiteElo "2769"]
[BlackElo "2508"]
[Result "1-0"]
[Round "10"]
[TimeControl "180+2"]
[Date "2023.07.25"]
[WhiteClock "0:00:03"]
[BlackClock "0:00:00"]
[Board "59"]

1. d4 Nf6 2. Bf4 d5 3. e3 c5 4. c3 cxd4 5. exd4 Nc6 6. Nf3 g6 7. Bd3 Bg7 8. h3 O-O 9. O-O Bf5 10. Bxf5 gxf5 11. Ne5 e6 12. Nd3 Ne4 13. Nd2 Kh8 14. f3 Nxd2 15. Qxd2 Rg8 16. Kh2 Bf8 17. g4 fxg4 18. fxg4 Bd6 19. Rf3 Qg5 20. Qf2 Bxf4+ 21. Rxf4 Raf8 22. Rf1 f5 23. gxf5 Rxf5 24. Rxf5 exf5 25. Nf4 Ne7 26. Qf3 Ng6 27. Nxg6+ Rxg6 28. Qf2 Kg7 29. Rg1 Qxg1+ 30. Qxg1 Rxg1 31. Kxg1 Kf6 32. Kg2 Kg5 33. Kg3 f4+ 34. Kf3 h5 35. a4 Kh4 36. b3 Kxh3 37. c4 dxc4 38. bxc4 Kh2 39. Kf2 Kh3 40. d5 Kg4 41. d6 1-0


[Site "https://www.chess.com"]

[Event "Titled Tuesday Blitz July 25 Early 2023"]
[White "Ginzburg, Yakov"]
[Black "djokovic74"]
[WhiteFideId "4157176"]
[WhiteElo "2506"]
[BlackElo "2736"]
[Result "1-0"]
[Round "10"]
[TimeControl "180+2"]
[Date "2023.07.25"]
[WhiteClock "0:00:02"]
[BlackClock "0:00:00"]
[Board "60"]

1. d4 e6 2. g3 Nf6 3. Bg2 d5 4. Nf3 Be7 5. O-O O-O 6. c4 c6 7. b3 b6 8. Bb2 Bb7 9. Nc3 Ba6 10. Re1 dxc4 11. e4 Qc7 12. e5 Nd5 13. Ne4 Nd7 14. bxc4 Bxc4 15. Qc2 b5 16. Neg5 g6 17. a3 c5 18. h4 cxd4 19. Bxd4 Nc5 20. h5 Qd7 21. Bh3 Nb6 22. Rad1 Bb3 23. Bxc5 Bxc2 24. Rxd7 Bxc5 25. Rxf7 Rxf7 26. Bxe6 Kf8 27. Nxf7 Ke7 28. Ba2 Bxa3 29. hxg6 Bxg6 30. e6 Rc8 31. Nd4 a6 32. Ne5 Bb2 33. Ndc6+ Kf6 34. Nd7+ Kg7 35. Ne7 Re8 36. Nxg6 Nxd7 37. Nf4 Nc5 38. e7 Bf6 39. Nh5+ Kg6 40. Nf4+ Kg7 41. Nd5 b4 42. Bc4 b3 43. Rb1 Rb8 44. Bxb3 1-0


[Site "https://www.chess.com"]

[Event "Titled Tuesday Blitz July 25 Early 2023"]
[White "Lopez, Henry"]
[Black "Atakhan, Abtin"]
[WhiteFideId "5203830"]
[BlackFideId "22502203"]
[WhiteElo "2502"]
[BlackElo "2735"]
[Result "1-0"]
[Round "10"]
[TimeControl "180+2"]
[Date "2023.07.25"]
[WhiteClock "0:00:04"]
[BlackClock "0:00:14"]
[Board "61"]

1. d4 d5 2. Nf3 Nf6 3. c4 c6 4. Nc3 e6 5. Bg5 h6 6. Bh4 Be7 7. e3 Nbd7 8. Rc1 O-O 9. cxd5 Nxd5 10. Bg3 Bb4 11. Qb3 Qa5 12. Bd3 Nxc3 13. bxc3 Ba3 14. Rb1 b6 15. O-O Ba6 16. c4 Be7 17. Qc2 Rac8 18. e4 Rfd8 19. h3 Nf8 20. Bf4 Qh5 21. e5 c5 22. Kh2 f5 23. d5 g5 24. d6 Bxd6 25. exd6 gxf4 26. Qc3 Rxd6 27. Rfe1 Bb7 28. Ne5 Rcd8 29. Be2 Qg5 30. Bf3 Bxf3 31. Qxf3 Ng6 32. Nxg6 Qxg6 33. Qxf4 Rd4 34. Qc7 Qf7 35. Qc6 R8d6 36. Qc8+ Kh7 37. Rb3 f4 38. Rf3 Rxc4 39. g3 Rcd4 40. Kg2 Kg7 41. Re5 Qf8 42. Qc7+ Qf7 43. Qc8 a5 44. gxf4 Kh7 45. f5 Rd8 46. Qxe6 Qg7+ 47. Rg3 Qf8 48. Qg6+ Kh8 49. Re6 R4d6 50. h4 c4 51. h5 b5 52. Rge3 b4 53. f6 Rxe6 54. Rxe6 Qg8 55. Re7 c3 56. Rg7 1-0


[Site "https://www.chess.com"]

[Event "Titled Tuesday Blitz July 25 Early 2023"]
[White "Bryakin, Mikhail"]
[Black "whiteglovethief"]
[WhiteFideId "4165314"]
[WhiteElo "2718"]
[BlackElo "2480"]
[Result "0-1"]
[Round "10"]
[TimeControl "180+2"]
[Date "2023.07.25"]
[WhiteClock "0:01:55"]
[BlackClock "0:01:02"]
[Board "62"]

1. e4 d5 2. exd5 Qxd5 3. Nc3 Qa5 4. d4 Nf6 5. Nf3 Bg4 6. Bc4 Nc6 7. h3 Bh5 8. d5 O-O-O 9. O-O e6 10. Bd2 Bxf3 11. Qxf3 Ne5 12. Qe2 Nxc4 13. Qxc4 exd5 14. Qe2 d4 15. Nb5 Qb6 16. a4 a6 17. Na3 Bxa3 18. Rxa3 Qxb2 19. Qd3 Qb6 20. Rb3 Qc6 21. Rfb1 Qe4 22. Rxb7 Qxd3 23. cxd3 Rhe8 24. Ba5 Nd5 25. Ra7 Re6 26. Rc1 Rd7 27. Rc4 Kb8 28. Bxc7+ Kxa7 0-1


[Site "https://www.chess.com"]

[Event "Titled Tuesday Blitz July 25 Early 2023"]
[White "Lehtosaari, Mauri"]
[Black "Suyarov, Mukhammadzokhid"]
[WhiteFideId "501999"]
[BlackFideId "14210495"]
[WhiteElo "2485"]
[BlackElo "2717"]
[Result "0-1"]
[Round "10"]
[TimeControl "180+2"]
[Date "2023.07.25"]
[WhiteClock "0:00:06"]
[BlackClock "0:01:44"]
[Board "63"]

1. d4 a6 2. a4 h6 3. Nf3 d5 4. Bf4 e6 5. h3 Bd6 6. Bxd6 cxd6 7. c3 Ne7 8. e3 O-O 9. Nbd2 Nbc6 10. g4 e5 11. g5 e4 12. Nh2 hxg5 13. Be2 Ng6 14. Qc2 Nh4 15. Bg4 f5 16. Be2 f4 17. Bg4 Bxg4 18. Nxg4 b5 19. Qb3 Ne7 20. Nxe4 Rf5 21. Nd2 bxa4 22. Rxa4 Rb8 23. Qa2 Qb6 24. e4 Rf7 25. Rxa6 Qxb2 26. Qxb2 Rxb2 27. exd5 Nxd5 28. Rxd6 Nxc3 29. Ne5 Ra7 30. O-O Rxd2 31. Ng4 Ne2+ 32. Kh2 Nxd4 33. Rb6 Ndf3+ 34. Kh1 Rad7 35. Rbb1 Kh7 36. Ra1 R2d5 37. Rab1 Ne5 38. Nh2 Rd2 39. Rb5 R7d5 40. Rbb1 Ra5 41. Rbe1 Nd3 42. Ra1 Nxf2+ 43. Kg1 Nxh3+ 44. Kh1 Rxa1 45. Rxa1 Nf2+ 46. Kg1 g4 47. Nf1 Re2 48. Ra7 g3 49. Rb7 Nh3+ 50. Kh1 Rh2+ 51. Nxh2 g2# 0-1


[Site "https://www.chess.com"]

[Event "Titled Tuesday Blitz July 25 Early 2023"]
[White "Heinemann, Josefine"]
[Black "NikaVolkov"]
[WhiteFideId "12900460"]
[WhiteElo "2475"]
[BlackElo "2710"]
[Result "0-1"]
[Round "10"]
[TimeControl "180+2"]
[Date "2023.07.25"]
[WhiteClock "0:00:17"]
[BlackClock "0:01:46"]
[Board "64"]

1. e4 c5 2. c3 e6 3. d4 d5 4. exd5 exd5 5. Bb5+ Nc6 6. Nf3 Nf6 7. O-O Be7 8. dxc5 Bxc5 9. Re1+ Be6 10. Be3 Bd6 11. Nd4 Qd7 12. Nxe6 fxe6 13. c4 O-O 14. cxd5 Nxd5 15. Nc3 Nxc3 16. bxc3 Qc7 17. h3 Kh8 18. Qg4 Rf5 19. Ba4 Ne5 20. Qe2 Qxc3 21. Bb3 Nd3 22. Red1 Nxf2 23. Bd4 Nxh3+ 24. gxh3 Rg5+ 25. Kf1 Rf8+ 26. Bf2 Qxh3+ 27. Ke1 Bb4+ 28. Rd2 Qh1+ 29. Qf1 Re5+ 0-1


[Site "https://www.chess.com"]

[Event "Titled Tuesday Blitz July 25 Early 2023"]
[White "Liu, Casper"]
[Black "Dehtiarov, Roman"]
[WhiteFideId "1454153"]
[BlackFideId "14186640"]
[WhiteElo "2474"]
[BlackElo "2709"]
[Result "1-0"]
[Round "10"]
[TimeControl "180+2"]
[Date "2023.07.25"]
[WhiteClock "0:00:45"]
[BlackClock "0:00:02"]
[Board "65"]

1. e4 e5 2. d4 exd4 3. Qxd4 Nc6 4. Qe3 Nf6 5. Nc3 Bb4 6. Bd2 O-O 7. O-O-O Qe7 8. f3 Re8 9. Bc4 Ne5 10. Bb3 d6 11. h4 Be6 12. h5 Bxb3 13. axb3 Bc5 14. Qf4 a5 15. g4 c6 16. g5 Nfd7 17. Qg3 a4 18. f4 axb3 19. fxe5 Ra1+ 20. Nb1 bxc2 21. Kxc2 Nxe5 22. g6 fxg6 23. hxg6 Nxg6 24. Nc3 Rxd1 25. Kxd1 b5 26. Qh3 h6 27. Qg2 Qe6 28. Qh3 Qb3+ 29. Kc1 b4 30. Nce2 Qa2 31. Qh5 Re6 32. Bxh6 Qa1+ 33. Kc2 b3+ 34. Kxb3 Ne5 35. Bxg7 Rg6 36. Qh8+ Kf7 37. Qf8+ Ke6 38. Qe8# 1-0


[Site "https://www.chess.com"]

[Event "Titled Tuesday Blitz July 25 Early 2023"]
[White "Vaishali, Rameshbabu"]
[Black "Devaev, Alexander"]
[WhiteFideId "5091756"]
[BlackFideId "4169395"]
[WhiteElo "2698"]
[BlackElo "2472"]
[Result "0-1"]
[Round "10"]
[TimeControl "180+2"]
[Date "2023.07.25"]
[WhiteClock "0:00:00"]
[BlackClock "0:00:01"]
[Board "66"]

1. Nf3 Nf6 2. g3 c5 3. Bg2 Nc6 4. c4 e6 5. b3 Be7 6. Bb2 O-O 7. O-O a6 8. Nc3 Qc7 9. d4 cxd4 10. Nxd4 Ne5 11. Rc1 d6 12. Ne4 Nxe4 13. Bxe4 Rb8 14. Qc2 h6 15. f4 Nc6 16. Bg2 Re8 17. e4 Nxd4 18. Bxd4 Bd7 19. Qb2 Bf8 20. f5 Qa5 21. b4 Qc7 22. a3 Rbc8 23. Qd2 Bc6 24. f6 g6 25. Be3 Kh7 26. Rf4 g5 27. Rf2 e5 28. h4 g4 29. Rf5 Kg6 30. Rcf1 Bd7 31. Qf2 Qxc4 32. Qd2 Qc2 0-1


[Site "https://www.chess.com"]

[Event "Titled Tuesday Blitz July 25 Early 2023"]
[White "Goltsev, Dmitry"]
[Black "Padmini, Rout"]
[WhiteFideId "24176710"]
[BlackFideId "5029295"]
[WhiteElo "2697"]
[BlackElo "2466"]
[Result "0-1"]
[Round "10"]
[TimeControl "180+2"]
[Date "2023.07.25"]
[WhiteClock "0:01:15"]
[BlackClock "0:00:49"]
[Board "67"]

1. e4 c5 2. Nf3 Nc6 3. d4 cxd4 4. Nxd4 Nf6 5. Nc3 e5 6. Nf5 d5 7. exd5 Bxf5 8. dxc6 Qxd1+ 9. Nxd1 bxc6 10. Ne3 Be6 11. Nc4 Nd7 12. Be3 Bb4+ 13. c3 Bxc4 14. Bxc4 Bc5 15. O-O-O Bxe3+ 16. fxe3 Nb6 17. Bb3 Ke7 18. a4 a5 19. Rd2 Rhd8 20. Rhd1 Rxd2 21. Rxd2 f6 22. Kc2 Rb8 23. e4 Nd7 24. Bc4 Nc5 25. b3 Nxe4 26. Re2 Nd6 27. Bd3 g6 28. Re1 Ke6 29. Rb1 c5 30. Rd1 e4 31. Be2 f5 32. c4 Rd8 33. Rd5 Nb7 34. Kc3 Rxd5 35. cxd5+ Kxd5 36. Bc4+ Ke5 37. Bg8 h5 38. Kc4 Nd6+ 39. Kc3 f4 40. h4 f3 41. gxf3 exf3 42. Kd3 Kf4 43. Bh7 Nf5 44. Bxg6 Ng3 45. Kc4 f2 46. Bd3 Ke3 47. Kc3 Ne2+ 48. Kc4 f1=Q 49. Bg6 Qf6 50. Be8 Qc3+ 51. Kb5 Qb4+ 52. Ka6 Nd4 53. Bc6 Nxb3 54. Ka7 c4 55. Ka6 c3 56. Bd7 c2 57. Ka7 c1=Q 58. Bc6 Qcc5+ 59. Ka8 Qxc6+ 60. Ka7 Qcb7# 0-1


[Site "https://www.chess.com"]

[Event "Titled Tuesday Blitz July 25 Early 2023"]
[White "ExchangeAB"]
[Black "Gubajdullin, Alexei"]
[BlackFideId "4141202"]
[WhiteElo "2465"]
[BlackElo "2686"]
[Result "0-1"]
[Round "10"]
[TimeControl "180+2"]
[Date "2023.07.25"]
[WhiteClock "0:00:01"]
[BlackClock "0:00:42"]
[Board "68"]

1. d4 Nf6 2. Nc3 d5 3. Bf4 Nbd7 4. Nb5 e5 5. dxe5 Nh5 6. Bg3 Nxg3 7. hxg3 Nxe5 8. Qxd5 Qe7 9. Qb3 a6 10. Nd4 c5 11. Ndf3 c4 12. Qe3 Nxf3+ 13. Nxf3 Qxe3 14. fxe3 Bc5 15. Nd4 Bg4 16. c3 O-O-O 17. e4 h5 18. e3 Rhe8 19. Bxc4 Rxe4 20. Kd2 f6 21. Bd3 Re5 22. Rhf1 Rde8 23. Rae1 Bd6 24. Bf5+ Bxf5 25. Nxf5 Rd5+ 26. Kc2 Bf8 27. Nd4 Rg5 28. Rf3 Re4 29. Rh1 Kd7 30. Kd3 Reg4 31. Rh3 Bd6 32. Nf5 Be5 33. e4 g6 34. Ne3 Rxg3 35. Rhxg3 Rxg3 36. Rxg3 Bxg3 37. Nd5 Ke6 38. Ke3 f5 39. Nb4 g5 40. Nd3 g4 41. exf5+ Kxf5 42. Nc5 b5 43. Nxa6 Bd6 44. Kf2 h4 45. Nb4 Ke4 46. Nc6 Bc5+ 47. Kf1 h3 48. gxh3 gxh3 49. Nd4 Bxd4 50. cxd4 Kxd4 51. a3 Kc4 52. Kg1 Kb3 53. Kh2 Kxb2 54. a4 bxa4 0-1


[Site "https://www.chess.com"]

[Event "Titled Tuesday Blitz July 25 Early 2023"]
[White "Molenda, Marcin"]
[Black "brm72"]
[WhiteFideId "1173065"]
[WhiteElo "2465"]
[BlackElo "2673"]
[Result "0-1"]
[Round "10"]
[TimeControl "180+2"]
[Date "2023.07.25"]
[WhiteClock "0:00:02"]
[BlackClock "0:00:08"]
[Board "69"]

1. Nf3 c5 2. e4 e6 3. c3 d5 4. exd5 Qxd5 5. d4 Nf6 6. Na3 Nc6 7. Nb5 Qd8 8. Bf4 Nd5 9. Bg3 a6 10. Na3 cxd4 11. Nxd4 Bxa3 12. Nxc6 Qb6 13. bxa3 Qxc6 14. c4 Nf6 15. Be2 O-O 16. O-O Re8 17. Rb1 e5 18. Qc2 Bd7 19. Bf3 e4 20. Be2 Qc8 21. f3 Bc6 22. Bh4 Qe6 23. Rbe1 Nd7 24. f4 Qf5 25. g4 Qc5+ 26. Bf2 e3 27. Bg3 Qxa3 28. f5 Ne5 29. f6 g6 30. Bf4 Rad8 31. Qb1 Rd4 32. Qb6 Qd6 33. Bxe3 Rxg4+ 34. Bxg4 Nxg4 35. Bf4 Qxf6 36. Rxe8+ Bxe8 37. Qxf6 Nxf6 38. Re1 Bc6 39. Bg5 Ne4 40. Bh6 f5 41. Rd1 Kf7 42. Rd8 g5 43. Bf8 Kg6 44. Bb4 f4 45. Rg8+ Kf5 46. h3 h5 47. Rf8+ Kg6 48. Rg8+ Kf5 49. Rf8+ Ke6 50. Rh8 Ng3 51. Rg8 Kf5 52. Be7 g4 53. hxg4+ hxg4 54. Rg5+ Ke6 55. Bc5 Ne4 56. Rh5 g3 57. Bd4 f3 58. Re5+ Kd6 59. Rf5 f2+ 60. Kf1 Nd2+ 61. Ke2 f1=Q+ 62. Rxf1 Nxf1 63. Kxf1 Ke6 64. c5 g2+ 65. Kf2 Kd5 66. Be3 Kc4 67. a3 Kb3 68. Bc1 Kc2 69. Be3 Kb2 70. Ke1 Kxa3 71. Kd2 Kb3 72. Kc1 Ka2 73. Kc2 a5 74. Bf2 Ka3 75. Bd4 Ka4 76. Kc3 Kb5 77. Be3 Bd5 78. Bf2 a4 79. Be3 a3 80. Bf2 a2 81. Bd4 Kc6 82. Kb2 Kd7 83. Be3 Ke6 84. Bg1 Kf5 0-1


[Site "https://www.chess.com"]

[Event "Titled Tuesday Blitz July 25 Early 2023"]
[White "Ljukin, Sergei"]
[Black "Danielyan, Vahe"]
[WhiteFideId "14102200"]
[BlackFideId "13304828"]
[WhiteElo "2461"]
[BlackElo "2635"]
[Result "1-0"]
[Round "10"]
[TimeControl "180+2"]
[Date "2023.07.25"]
[WhiteClock "0:00:08"]
[BlackClock "0:00:56"]
[Board "70"]

1. e4 e6 2. d4 d5 3. Nc3 Bb4 4. e5 c5 5. a3 Ba5 6. b4 cxb4 7. Nb5 Bc7 8. Qg4 g6 9. axb4 Nc6 10. c3 h5 11. Qg3 Nge7 12. Bg5 a6 13. Bf6 Rh7 14. Nf3 Qd7 15. Ng5 Nf5 16. Qf4 Rh6 17. Bd3 Nce7 18. O-O Ng8 19. Bxf5 gxf5 20. Nxc7+ Qxc7 21. Qh4 Nxf6 22. exf6 Bd7 23. Nf3 O-O-O 24. Ne5 Bb5 25. Rfe1 Rg8 26. Re3 Kb8 27. Rc1 Qd8 28. Rg3 Rg4 29. Rxg4 fxg4 30. Nxg4 Rg6 31. Qxh5 Be2 32. f3 Qg8 33. Qe5+ Ka8 34. Qxe2 Rg5 35. b5 Qc8 36. bxa6 bxa6 37. Ra1 Ka7 38. Qb5 Rg8 39. Qc5+ Qxc5 40. dxc5 Rc8 41. Ne5 Rxc5 42. Nxf7 Rxc3 43. Ne5 Rc4 44. Nxc4 1-0


[Site "https://www.chess.com"]

[Event "Titled Tuesday Blitz July 25 Early 2023"]
[White "Cheer_Down"]
[Black "Iskusnyh, Sergei"]
[BlackFideId "4120027"]
[WhiteElo "2453"]
[BlackElo "2629"]
[Result "0-1"]
[Round "10"]
[TimeControl "180+2"]
[Date "2023.07.25"]
[WhiteClock "0:00:10"]
[BlackClock "0:00:10"]
[Board "71"]

1. e4 e6 2. d4 d5 3. Nc3 Nf6 4. e5 Nfd7 5. f4 c5 6. Nf3 Nc6 7. Be3 Rb8 8. Qd2 Qa5 9. Bb5 a6 10. Be2 b5 11. O-O b4 12. Nd1 cxd4 13. Nxd4 Nxd4 14. Bxd4 Bc5 15. Kh1 O-O 16. Ne3 Qb6 17. c3 bxc3 18. bxc3 Qb2 19. Rfd1 Qxd2 20. Rxd2 Be7 21. Rdd1 Nc5 22. Rab1 Bd7 23. Kg1 Bb5 24. Bxb5 axb5 25. Rb2 Ne4 26. Rdb1 Ra8 27. Rxb5 Rxa2 28. Rb7 Bc5 29. R7b2 Rxb2 30. Rxb2 h5 31. f5 Ra8 32. h4 Be7 33. fxe6 fxe6 34. Rb6 Bxh4 35. g3 Bxg3 36. Rxe6 h4 37. Kg2 Ra2+ 38. Kh3 Ng5+ 39. Kg4 Nxe6 40. Kf5 Nxd4+ 41. cxd4 h3 42. Kg4 h2 0-1


[Site "https://www.chess.com"]

[Event "Titled Tuesday Blitz July 25 Early 2023"]
[White "Rangel, Daniel"]
[Black "Goryachkina, Aleksandra"]
[WhiteFideId "2124475"]
[BlackFideId "4147103"]
[WhiteElo "2445"]
[BlackElo "2622"]
[Result "0-1"]
[Round "10"]
[TimeControl "180+2"]
[Date "2023.07.25"]
[WhiteClock "0:00:01"]
[BlackClock "0:00:20"]
[Board "72"]

1. d4 Nf6 2. Nf3 d5 3. e3 Bf5 4. Bd3 e6 5. O-O Bd6 6. b3 O-O 7. a3 Ne4 8. Bb2 Nd7 9. Nbd2 c6 10. Ne5 Qc7 11. f4 Bxe5 12. fxe5 Nxd2 13. Qxd2 Bxd3 14. Qxd3 f6 15. e4 fxe5 16. dxe5 Nc5 17. Qh3 Qe7 18. exd5 cxd5 19. Bc3 Rxf1+ 20. Rxf1 a5 21. Bd4 Ne4 22. c4 dxc4 23. bxc4 Rd8 24. Qe3 Qh4 25. g3 Qg4 26. Bb6 Rd2 27. Bxa5 Ra2 28. Bb4 h6 29. Qf4 Qe2 30. Qf7+ Kh7 31. Qf3 Qxh2# 0-1


[Site "https://www.chess.com"]

[Event "Titled Tuesday Blitz July 25 Early 2023"]
[White "Arat, Ufuk Sezen"]
[Black "ZugZwang1201"]
[WhiteFideId "6309089"]
[WhiteElo "2621"]
[BlackElo "2451"]
[Result "1/2-1/2"]
[Round "10"]
[TimeControl "180+2"]
[Date "2023.07.25"]
[WhiteClock "0:00:04"]
[BlackClock "0:00:06"]
[Board "73"]

1. e4 c5 2. Nf3 e6 3. d4 cxd4 4. Nxd4 a6 5. c4 Qc7 6. Nc3 Nf6 7. Qd3 Be7 8. f4 d6 9. Be3 Nbd7 10. Be2 h5 11. O-O-O b6 12. Bf3 Bb7 13. h3 h4 14. Kb1 Rc8 15. Rc1 Qb8 16. Rhd1 Qa8 17. f5 Nc5 18. Qc2 e5 19. Nb3 Ncxe4 20. Na4 Nd7 21. Nxb6 Nxb6 22. Bxb6 Nf6 23. Bxb7 Qxb7 24. c5 dxc5 25. Bxc5 O-O 26. Qe2 Rfe8 27. Bxe7 Rxe7 28. Nc5 Qb5 29. Qxb5 axb5 30. Nd3 Rce8 31. Nb4 e4 32. Nd5 Nxd5 33. Rxd5 Re5 34. Rc8 Kh7 35. Rxe8 Rxe8 36. Kc2 e3 37. Kd1 Kh6 38. Ke2 Kg5 39. Rxb5 Kf4 40. a4 Re4 41. a5 Rd4 42. a6 Rd2+ 43. Ke1 Rxg2 44. f6 g6 45. a7 Rg1+ 46. Ke2 Ra1 47. Rb7 Ra2 48. a8=Q Rxa8 49. Rxf7 Rb8 50. Rh7 Rxb2+ 51. Kd3 e2 52. Re7 Kf3 53. f7 Rb8 54. Re8 Rd8+ 55. Rxd8 e1=Q 56. f8=Q+ Kg3 57. Qd6+ Kxh3 58. Qd7+ Kh2 59. Qd6+ Qg3+ 60. Qxg3+ hxg3 61. Rh8+ Kg1 62. Ke2 g2 63. Rh3 g5 64. Rh8 g4 65. Rh4 g3 66. Ra4 Kh2 67. Rh4+ Kg1 68. Kf3 Kf1 69. Ra4 Kg1 70. Ra1+ Kh2 71. Ra2 Kh1 72. Ra1+ Kh2 73. Ra2 Kh1 74. Rxg2 1/2-1/2


[Site "https://www.chess.com"]

[Event "Titled Tuesday Blitz July 25 Early 2023"]
[White "Pinero Rodriguez, Carlos Jose"]
[Black "Pandey Srishti"]
[WhiteFideId "3901726"]
[BlackFideId "35093290"]
[WhiteElo "2611"]
[BlackElo "2437"]
[Result "1-0"]
[Round "10"]
[TimeControl "180+2"]
[Date "2023.07.25"]
[WhiteClock "0:01:35"]
[BlackClock "0:01:08"]
[Board "74"]

1. b3 Nf6 2. Bb2 g6 3. Bxf6 exf6 4. d4 d5 5. e3 c6 6. g3 Bd6 7. Bg2 O-O 8. h4 Re8 9. Ne2 Nd7 10. O-O Nf8 11. c4 dxc4 12. bxc4 Bg4 13. Nbc3 Qd7 14. Qb3 Rad8 15. Rab1 Re7 16. c5 Bb8 17. a4 Ne6 18. a5 Ng7 19. a6 bxa6 20. Qa4 Bh3 21. Qxc6 Qxc6 22. Bxc6 Bxf1 23. Kxf1 Rc7 24. Bf3 Ne6 25. Nd5 Rcc8 26. Ne7+ Kg7 27. Nxc8 Rxc8 28. Bb7 Rd8 29. Bxa6 Bc7 30. Rb7 Rb8 31. Rxb8 Bxb8 32. Nc3 Nc7 33. Bb7 Ne6 34. Ke2 f5 35. Kd3 Kf8 36. Kc4 Ke7 37. d5 Ng7 38. d6+ Bxd6 39. cxd6+ Kxd6 40. Nb5+ Ke5 41. Nxa7 Nh5 42. Nc6+ Kd6 43. Nd4 Nf6 44. Kd3 Ng4 45. Ke2 f6 46. Ba6 Ke5 47. Bc4 h6 48. Bf7 g5 49. Bh5 Nh2 50. Nf3+ Nxf3 51. Kxf3 Ke6 52. Bg6 Ke5 53. h5 f4 54. e4 fxg3 55. fxg3 Kd4 56. Kg4 Ke5 57. Bf5 Kd4 58. Kf3 Ke5 59. Ke3 Kd6 60. Kd4 1-0


[Site "https://www.chess.com"]

[Event "Titled Tuesday Blitz July 25 Early 2023"]
[White "Khusenkhojaev, Muhammad"]
[Black "Willy, Stephen"]
[WhiteFideId "14700247"]
[BlackFideId "30981468"]
[WhiteElo "2605"]
[BlackElo "2426"]
[Result "1-0"]
[Round "10"]
[TimeControl "180+2"]
[Date "2023.07.25"]
[WhiteClock "0:00:09"]
[BlackClock "0:00:00"]
[Board "75"]

1. e4 d6 2. d4 g6 3. Nc3 Bg7 4. Nf3 c6 5. a4 Nf6 6. Bc4 Nxe4 7. Nxe4 d5 8. Bd3 dxe4 9. Bxe4 Nd7 10. c3 O-O 11. O-O Nf6 12. Bc2 Be6 13. Re1 Qc7 14. Rxe6 fxe6 15. Ng5 Qd6 16. Qe2 Nd5 17. Qxe6+ Qxe6 18. Nxe6 Rf6 19. Nc5 Nf4 20. Kf1 b6 21. Ne4 Rf7 22. Ng5 Rf6 23. g3 Nd5 24. Ne4 Rf7 25. a5 Raf8 26. axb6 axb6 27. Kg2 e5 28. dxe5 Bxe5 29. Bh6 Re8 30. Rd1 Bg7 31. Bc1 Rfe7 32. Nd6 Rd8 33. Nc4 b5 34. Na5 Re6 35. Bb3 Kh8 36. Bg5 Rd7 37. h4 h6 38. Bc1 Red6 39. Re1 Nb6 40. Re8+ Kh7 41. Bc2 Rd8 42. Rxd8 Rxd8 43. Nxc6 Rc8 44. Bxg6+ Kxg6 45. Ne7+ Kf7 46. Nxc8 Nxc8 47. f4 h5 48. Kf3 Ke6 49. g4 hxg4+ 50. Kxg4 Ne7 51. Kg5 Nf5 52. h5 Bf6+ 53. Kg6 Ne7+ 54. Kh7 Kf5 55. h6 Ng6 56. Kg8 Ne7+ 57. Kf7 Ng6 58. h7 Nh8+ 59. Kg8 Kg6 60. Be3 Kf5 61. Bd4 Bxd4 62. cxd4 Ng6 63. Kg7 1-0


[Site "https://www.chess.com"]

[Event "Titled Tuesday Blitz July 25 Early 2023"]
[White "Astafurov, Arseniy"]
[Black "Ahmad, Khagan"]
[WhiteFideId "24175218"]
[BlackFideId "13431552"]
[WhiteElo "2416"]
[BlackElo "2595"]
[Result "0-1"]
[Round "10"]
[TimeControl "180+2"]
[Date "2023.07.25"]
[WhiteClock "0:00:02"]
[BlackClock "0:00:20"]
[Board "76"]

1. c4 Nf6 2. Nc3 e5 3. Nf3 Nc6 4. e3 Bb4 5. Qc2 O-O 6. Nd5 Be7 7. a3 a5 8. Bd3 h6 9. b3 d6 10. Nxf6+ Bxf6 11. Bb2 Ne7 12. O-O c6 13. Rfe1 Bg4 14. Be2 Bxf3 15. Bxf3 d5 16. d3 Qd6 17. c5 Qe6 18. e4 d4 19. b4 Ng6 20. Reb1 a4 21. Bc1 Bg5 22. b5 Ra5 23. bxc6 bxc6 24. Rb6 Be7 25. Bd2 Rxc5 26. Qxa4 Nh4 27. Be2 Bg5 28. Bb4 Rb5 29. Rxb5 cxb5 30. Qxb5 Bf4 31. g3 Qh3 32. gxh4 Qxh2+ 33. Kf1 Qh1# 0-1


[Site "https://www.chess.com"]

[Event "Titled Tuesday Blitz July 25 Early 2023"]
[White "Gamayev, Oleg"]
[Black "Harriott, Tyrell"]
[WhiteFideId "2802813"]
[BlackFideId "2086484"]
[WhiteElo "2588"]
[BlackElo "2408"]
[Result "0-1"]
[Round "10"]
[TimeControl "180+2"]
[Date "2023.07.25"]
[WhiteClock "0:00:30"]
[BlackClock "0:00:10"]
[Board "77"]

1. d3 d6 2. e4 Nf6 3. Nf3 e5 4. Be2 Be7 5. O-O O-O 6. c3 Nbd7 7. Nbd2 Re8 8. d4 c6 9. dxe5 dxe5 10. Qc2 Qc7 11. h3 Nf8 12. Re1 Ng6 13. a4 h6 14. Bc4 Nh7 15. Nf1 Bg5 16. Ng3 Nf4 17. Bxf4 Bxf4 18. Nf1 Bg5 19. Rad1 Qe7 20. Kh2 Bf6 21. g3 g5 22. Ne3 h5 23. Ng1 g4 24. h4 Bxh4 25. gxh4 Qxh4+ 26. Kg2 Ng5 27. Nf1 Be6 28. Bxe6 Rxe6 29. Re3 Rf6 30. Rg3 Ne6 31. Ne2 Nf4+ 32. Nxf4 exf4 33. Rgd3 f3+ 34. Kg1 Qh3 35. Rd8+ Kg7 36. Ne3 Rxd8 37. Rxd8 g3 38. fxg3 f2+ 39. Qxf2 Rxf2 40. Kxf2 Qh2+ 41. Ng2 Qh1 42. Rd2 Qb1 43. Re2 Qa2 44. Ne3 Qxa4 45. Nf5+ Kf6 46. Kf3 Qd1 47. Ne3 Qh1+ 48. Kf2 Qxe4 49. Ng2 Qf5+ 50. Kg1 Qc5+ 51. Kh2 a5 52. Nf4 b5 53. Nd3 Qc4 54. Rf2+ Kg7 55. Nf4 Qc5 56. Rd2 Qg5 57. Rd7 Qe5 58. Rd2 h4 59. Re2 hxg3+ 60. Kxg3 Qg5+ 61. Kf3 Qf5 62. Ke3 c5 63. Nd3 Qe6+ 64. Kd2 Qc4 65. Rg2+ Kf8 66. Rf2 b4 67. cxb4 cxb4 68. Rf4 Qc7 69. b3 Qc3+ 70. Ke2 Qxb3 71. Ke3 Qc2 72. Kd4 b3 73. Ne5 Qb2+ 74. Ke4 Qb1+ 75. Kd5 Qd1+ 76. Ke4 Qe1+ 77. Kd5 Qd2+ 78. Ke4 Qc2+ 79. Kd4 b2 80. Rxf7+ Ke8 81. Rb7 b1=Q 82. Rxb1 Qxb1 83. Nc4 a4 84. Kc5 Qb3 85. Nd6+ Kd7 86. Nb5 Qxb5+ 87. Kxb5 a3 0-1


[Site "https://www.chess.com"]

[Event "Titled Tuesday Blitz July 25 Early 2023"]
[White "Ilkhomi, Jaloliddin"]
[Black "Girinath, P.D.S."]
[WhiteFideId "14700948"]
[BlackFideId "5000572"]
[WhiteElo "2581"]
[BlackElo "2386"]
[Result "1-0"]
[Round "10"]
[TimeControl "180+2"]
[Date "2023.07.25"]
[WhiteClock "0:01:00"]
[BlackClock "0:00:00"]
[Board "78"]

1. d4 f5 2. Nf3 Nf6 3. c4 e6 4. Nc3 Be7 5. g3 O-O 6. Bg2 d6 7. O-O a5 8. Qc2 Nc6 9. e4 fxe4 10. Nxe4 e5 11. dxe5 dxe5 12. Nxf6+ Bxf6 13. Be3 Nd4 14. Nxd4 exd4 15. Rad1 c5 16. Bf4 Bg4 17. Bd5+ Kh8 18. f3 Bh3 19. Rfe1 Qd7 20. Qb3 g5 21. Be5 Rae8 22. Bxf6+ Rxf6 23. Bxb7 Rxe1+ 24. Rxe1 Re6 25. Be4 d3 26. Qc3+ Qd4+ 27. Qxd4+ cxd4 28. Rd1 g4 29. Rxd3 gxf3 30. Rxd4 Rb6 31. b3 a4 32. Rd3 axb3 33. Rxb3 Re6 34. Bxf3 Re1+ 35. Kf2 1-0


[Site "https://www.chess.com"]